General information
- name: BNet
- type: Ladder team game (AT/RT)
- host: Battle.net
- saver: RapGameGod
map: Cherryville
- players: 8
- length: 21:48
- speed: Fast
- version: 1.27 W3XP
- replay type: Public
» download(137 KB)
Players
team 1 (winner)

»
6GoD (
red | 56 APM | 1231 actions | 21:48)
5 Priestess of the Moon
3 Trueshot Aura
1 Searing Arrows
1 Starfall
» actions
| Assign group hotkey | 1 | |
| Basic commands | 25 | |
| Build / train | 40 | |
| Enter build submenu | 12 | |
| Enter hero's abilities submenu | 5 | |
| Give item / drop item | 1 | |
| Remove unit from queue | 1 | |
| Right click | 892 | |
| Select / deselect | 200 | |
| Select group hotkey | 5 | |
| Use ability | 49 | |
1231 total
» units
» upgrades
| Strength of the Wild | 3 | |
| Reinforced Hides | 2 | |
| Ultravision | 1 | |
| Corrosive Breath | 1 | |
| Well Spring | 1 | |
8 total
» buildings
| Altar of Elders | 1 | |
| Moon Well | 5 | |
| Hunter's Hall | 1 | |
| Tree of Ages | 1 | |
| Tree of Eternity | 1 | |
| Ancient of Wind | 1 | |
| Chimaera Roost | 3 | |
13 total
» build order
00:16 Altar of Elders
00:17 Moon Well
00:22 Moon Well
00:57 Moon Well
02:06 Hunter's Hall
02:53 Tree of Ages
05:15 Tree of Eternity
05:18 Ancient of Wind
07:37 Chimaera Roost
07:40 Chimaera Roost
07:45 Chimaera Roost
07:55 Moon Well
07:58 Moon Well
lickettysplit (
purple | 19 APM | 250 actions | 13:01)
4 Priestess of the Moon
2 Trueshot Aura
2 Searing Arrows
» actions
| Basic commands | 1 | |
| Build / train | 48 | |
| Enter build submenu | 15 | |
| Enter hero's abilities submenu | 4 | |
| Right click | 57 | |
| Select / deselect | 108 | |
| Use ability | 17 | |
250 total
» units
| Wisp | 20 | |
| Archer | 7 | |
| Huntress | 4 | |
| Dryad | 7 | |
38 total
» upgrades
| Abolish Magic | 1 | |
| Strength of the Wild | 1 | |
| Reinforced Hides | 1 | |
3 total
» buildings
| Altar of Elders | 1 | |
| Moon Well | 7 | |
| Ancient of War | 1 | |
| Hunter's Hall | 1 | |
| Tree of Ages | 1 | |
| Ancient of Wonders | 1 | |
| Ancient of Lore | 2 | |
| Tree of Eternity | 1 | |
| Tree of Life | 1 | |
16 total
» build order
00:04 Altar of Elders
00:08 Moon Well
00:39 Ancient of War
01:51 Moon Well
02:48 Moon Well
03:24 Hunter's Hall
03:48 Moon Well
04:26 Tree of Ages
05:30 Moon Well
06:47 Ancient of Wonders
06:55 Ancient of Lore
07:00 Ancient of Lore
08:21 Tree of Eternity
08:58 Tree of Life
10:57 Moon Well
11:56 Moon Well
gkjdfgh59867478 (
pink | 34 APM | 646 actions | 18:55)
6 Paladin
3 Holy Light
2 Divine Shield
1 Resurrection
» actions
| Build / train | 84 | |
| Enter build submenu | 23 | |
| Enter hero's abilities submenu | 6 | |
| Give item / drop item | 1 | |
| Right click | 245 | |
| Select / deselect | 240 | |
| Use ability | 47 | |
646 total
» units
| Peasant | 14 | |
| Rifleman | 22 | |
| Priest | 10 | |
| Sorceress | 4 | |
| Dryad | 5 | |
55 total
» upgrades
| Armor | 3 | |
| Gunpowder | 3 | |
| Lumber Harvesting | 1 | |
| Sorceress Training | 2 | |
| Long Rifles | 1 | |
| Priest Training | 2 | |
12 total
» buildings
| Farm | 9 | |
| Altar of Kings | 1 | |
| Blacksmith | 1 | |
| Lumber Mill | 1 | |
| Scout Tower | 3 | |
| Barracks | 3 | |
| Arcane Tower | 1 | |
| Keep | 1 | |
| Guard Tower | 1 | |
| Town Hall | 1 | |
| Arcane Sanctum | 1 | |
| Castle | 1 | |
| Arcane Vault | 1 | |
25 total
» build order
00:46 Farm
00:51 Altar of Kings
01:09 Blacksmith
01:21 Lumber Mill
01:24 Scout Tower
02:02 Farm
02:16 Barracks
02:26 Farm
03:26 Arcane Tower
03:34 Scout Tower
03:36 Scout Tower
04:15 Keep
04:32 Guard Tower
05:13 Farm
05:16 Farm
06:19 Town Hall
06:45 Arcane Sanctum
09:51 Castle
11:00 Farm
11:02 Farm
11:43 Farm
11:44 Farm
15:27 Arcane Vault
15:56 Barracks
15:58 Barracks
» items
| Boots of Speed | 1 | |
| Scroll of Healing | 2 | |
| Scroll of Protection | 1 | |
| Scroll of Town Portal | 2 | |
6 total

»
Hoye (
teal | 46 APM | 1001 actions | 21:48)
7 Tauren Chieftain
3 War Stomp
3 Endurance Aura
1 Reincarnation
3 Priestess of the Moon
1 Searing Arrows
1 Starfall
1 Trueshot Aura
2 Paladin
1 Divine Shield
1 Devotion Aura
» actions
| Build / train | 91 | |
| Enter build submenu | 38 | |
| Enter hero's abilities submenu | 12 | |
| Right click | 456 | |
| Select / deselect | 309 | |
| Use ability | 95 | |
1001 total
» units
| Peon | 19 | |
| Grunt | 5 | |
| Shaman | 11 | |
| Tauren | 13 | |
| Wisp | 5 | |
| Hippogryph | 7 | |
60 total
» upgrades
| Shaman Training | 2 | |
| Pulverize | 1 | |
| Armor | 2 | |
| Ranged Weapons | 2 | |
| Spiked Barricades | 1 | |
| Melee Weapons | 1 | |
| Reinforced Defenses | 1 | |
10 total
» buildings
| Altar of Storms | 1 | |
| Orc Burrow | 10 | |
| Barracks | 1 | |
| War Mill | 2 | |
| Stronghold | 1 | |
| Voodoo Lounge | 1 | |
| Watch Tower | 9 | |
| Great Hall | 1 | |
| Fortress | 1 | |
| Spirit Lodge | 1 | |
| Tauren Totem | 2 | |
| Ancient of Wind | 2 | |
| Moon Well | 1 | |
33 total
» build order
00:09 Altar of Storms
00:10 Orc Burrow
01:16 Barracks
01:28 Orc Burrow
03:35 Orc Burrow
04:09 War Mill
04:32 War Mill
04:37 Stronghold
04:45 Orc Burrow
04:56 Voodoo Lounge
05:44 Orc Burrow
05:49 Watch Tower
06:57 Watch Tower
07:26 Great Hall
07:30 Watch Tower
07:35 Fortress
07:41 Spirit Lodge
08:18 Watch Tower
09:40 Watch Tower
10:31 Watch Tower
10:56 Tauren Totem
10:58 Tauren Totem
11:14 Watch Tower
12:17 Orc Burrow
12:23 Orc Burrow
12:46 Watch Tower
12:55 Orc Burrow
13:19 Orc Burrow
13:54 Watch Tower
13:58 Orc Burrow
15:38 Ancient of Wind
15:50 Ancient of Wind
15:52 Moon Well
» items
| Healing Salve | 2 | |
| Lesser Clarity Potion | 1 | |
| Scroll of Town Portal | 1 | |
4 total
team 2 (loser)

»
cherrydrpepper (
yellow | 160 APM | 3366 actions | 21:03)
6 Death Knight
3 Unholy Aura
3 Death Coil
3 Lich
1 Dark Ritual
2 Frost Nova
2 Pit Lord
1 Howl of Terror
1 Cleaving Attack
» actions
| Assign group hotkey | 82 | |
| Basic commands | 143 | |
| Build / train | 102 | |
| ESC pressed | 2 | |
| Enter build submenu | 21 | |
| Enter hero's abilities submenu | 11 | |
| Give item / drop item | 5 | |
| Remove unit from queue | 2 | |
| Right click | 1166 | |
| Select / deselect | 609 | |
| Select group hotkey | 991 | |
| Use ability | 232 | |
3366 total
» units
| Acolyte | 18 | |
| Ghoul | 7 | |
| Crypt Fiend | 8 | |
| Goblin Shredder | 1 | |
| Obsidian Statue | 4 | |
| Meatwagon | 2 | |
| Necromancer | 6 | |
| Abomination | 2 | |
| Gargoyle | 2 | |
| Banshee | 2 | |
52 total
» upgrades
| Creature Attack | 3 | |
| Creature Carapace | 1 | |
| Burrow | 1 | |
| Web | 1 | |
| Unholy Strength | 2 | |
| Exhume Corpses | 1 | |
| Necromancer Training | 2 | |
| Skeletal Longevity | 1 | |
| Destroyer Form | 1 | |
| Skeletal Mastery | 1 | |
| Disease Cloud | 1 | |
| Unholy Armor | 1 | |
16 total
» buildings
| Graveyard | 2 | |
| Crypt | 1 | |
| Ziggurat | 8 | |
| Altar of Darkness | 1 | |
| Tomb of Relics | 1 | |
| Necropolis | 2 | |
| Nerubian Tower | 1 | |
| Spirit Tower | 4 | |
| Halls of the Dead | 1 | |
| Slaughterhouse | 2 | |
| Temple of the Damned | 2 | |
| Black Citadel | 1 | |
| Sacrificial Pit | 1 | |
27 total
» build order
00:09 Graveyard
00:11 Crypt
00:38 Ziggurat
00:57 Altar of Darkness
01:37 Ziggurat
01:51 Tomb of Relics
03:40 Necropolis
04:43 Ziggurat
05:01 Ziggurat
05:37 Nerubian Tower
05:55 Spirit Tower
05:55 Spirit Tower
05:55 Spirit Tower
06:17 Halls of the Dead
07:38 Necropolis
08:42 Slaughterhouse
08:43 Slaughterhouse
08:44 Temple of the Damned
08:44 Temple of the Damned
08:57 Ziggurat
09:16 Black Citadel
10:01 Spirit Tower
10:29 Graveyard
11:20 Ziggurat
11:20 Ziggurat
11:46 Sacrificial Pit
15:36 Ziggurat
» items
| Rod of Necromancy | 4 | |
| Sacrificial Skull | 2 | |
| Orb of Corruption | 1 | |
| Scroll of Town Portal | 1 | |
8 total
lacy (
orange | 55 APM | 1169 actions | 21:22)
5 Blademaster
1 Wind Walk
3 Critical Strike
1 Mirror Image
4 Shadow Hunter
2 Healing Wave
2 Serpent Ward
» actions
| Assign group hotkey | 17 | |
| Basic commands | 15 | |
| Build / train | 71 | |
| Enter build submenu | 22 | |
| Enter hero's abilities submenu | 9 | |
| Remove unit from queue | 4 | |
| Right click | 275 | |
| Select / deselect | 245 | |
| Select group hotkey | 446 | |
| Use ability | 65 | |
1169 total
» units
| Peon | 14 | |
| Grunt | 5 | |
| Wind Rider | 14 | |
| Shaman | 4 | |
| Troll Witch Doctor | 4 | |
41 total
» upgrades
| Melee Weapons | 1 | |
| Ranged Weapons | 3 | |
| Envenomed Spears | 1 | |
| Shaman Training | 2 | |
| Witch Doctor Training | 2 | |
| Armor | 1 | |
| Spiked Barricades | 1 | |
11 total
» buildings
| Altar of Storms | 1 | |
| Orc Burrow | 7 | |
| War Mill | 1 | |
| Barracks | 1 | |
| Stronghold | 1 | |
| Voodoo Lounge | 1 | |
| Watch Tower | 2 | |
| Beastiary | 1 | |
| Fortress | 1 | |
| Great Hall | 2 | |
| Spirit Lodge | 1 | |
19 total
» build order
00:12 Altar of Storms
00:17 Orc Burrow
00:36 War Mill
01:41 Orc Burrow
01:55 Barracks
02:38 Orc Burrow
03:27 Stronghold
04:14 Voodoo Lounge
04:29 Orc Burrow
05:04 Watch Tower
05:37 Watch Tower
06:20 Beastiary
06:39 Fortress
07:35 Orc Burrow
09:43 Great Hall
09:51 Spirit Lodge
16:34 Orc Burrow
18:49 Great Hall
20:45 Orc Burrow
» items

»
AnkleLint (
blue | 42 APM | 896 actions | 21:06)
5 Death Knight
3 Death Coil
2 Unholy Aura
1 Lich
1 Frost Nova
» actions
| Assign group hotkey | 19 | |
| Basic commands | 41 | |
| Build / train | 61 | |
| Enter build submenu | 18 | |
| Enter hero's abilities submenu | 6 | |
| Give item / drop item | 4 | |
| Right click | 227 | |
| Select / deselect | 284 | |
| Select group hotkey | 179 | |
| Use ability | 57 | |
896 total
» units
| Acolyte | 7 | |
| Ghoul | 5 | |
| Crypt Fiend | 11 | |
| Frost Wyrm | 5 | |
28 total
» upgrades
| Creature Attack | 3 | |
| Creature Carapace | 3 | |
| Web | 1 | |
| Burrow | 1 | |
| Freezing Breath | 1 | |
9 total
» buildings
| Graveyard | 1 | |
| Crypt | 1 | |
| Altar of Darkness | 1 | |
| Ziggurat | 7 | |
| Tomb of Relics | 1 | |
| Spirit Tower | 5 | |
| Halls of the Dead | 1 | |
| Necropolis | 1 | |
| Black Citadel | 1 | |
| Sacrificial Pit | 1 | |
| Boneyard | 1 | |
21 total
» build order
00:08 Graveyard
00:11 Crypt
00:26 Altar of Darkness
00:51 Ziggurat
01:47 Tomb of Relics
02:25 Ziggurat
03:37 Spirit Tower
04:11 Ziggurat
05:10 Halls of the Dead
05:30 Spirit Tower
08:32 Ziggurat
09:48 Necropolis
10:50 Black Citadel
11:23 Ziggurat
11:43 Sacrificial Pit
12:36 Spirit Tower
13:19 Boneyard
16:06 Ziggurat
18:21 Ziggurat
19:23 Spirit Tower
19:48 Spirit Tower
» items
| Rod of Necromancy | 1 | |
| Boots of Speed | 1 | |
| Healing Salve | 1 | |
| Potion of Mana | 1 | |
| Orb of Corruption | 2 | |
| Scroll of Town Portal | 1 | |
| Scroll of Healing | 2 | |
9 total
Chat log
(00:44 / Allies) cherrydrpepper: he is a troll
(00:46 / Allies) cherrydrpepper: i will take his mine
(01:22 / All) RapGameGod: Look at dis fucc nigga
(01:32 / Allies) cherrydrpepper: get alife you pathetic loser
(01:33 / All) RapGameGod: Ah shit son gonna hafta pull da trigga
(01:36 / All) RapGameGod: wants to take my mine
(01:39 / All) RapGameGod: yeah i know he swine
(01:49 / Allies) cherrydrpepper: loser
(01:51 / All) RapGameGod: fukkin po po pig
(01:57 / All) RapGameGod: little fucking faggot wearin a wig
(02:03 / Allies) cherrydrpepper: trash
(02:05 / All) RapGameGod: you autogynephile fukkin freak
(02:06 / Allies) cherrydrpepper: scum
(02:08 / Allies) cherrydrpepper: filth
(02:19 / All) RapGameGod: im smash ur skull in
(02:23 / All) RapGameGod: fuck ur game, fuck ur win
(02:27 / Allies) cherrydrpepper: fuck you loser
(02:32 / All) RapGameGod: u aint shit, but a fat man titted chink
(02:39 / All) RapGameGod: see me walkin u best not blink
(02:48 / All) RapGameGod: im smash my fist into ur dome
(03:00 / All) RapGameGod: send u out on a stretcher from ur home
(03:36 / All) RapGameGod: ur moms my lil sex toy
(03:43 / All) RapGameGod: my dicks hard like titanium alloy
(03:46 / All) gkjdfgh59867478: mine 2 lets share
(03:50 / Allies) cherrydrpepper: how can you be so pathetic
(03:56 / All) RapGameGod: hit it twice then i block her number
(04:05 / All) RapGameGod: hope i dont get an STD on my member
(05:37 / Allies) AnkleLint: yo orange
(05:39 / All) gkjdfgh59867478: yellow let me have greens mine
(05:44 / Allies) AnkleLint: can i buy a healing
(09:34 / Allies) cherrydrpepper: orange you have to get bllodlust
(10:05 / Allies) AnkleLint: b
(10:37 / All) gkjdfgh59867478: yellow how them frost coming along ;)
(12:08 / All) RapGameGod: yellow the perfect color for this fag
(12:15 / All) 6GoD: lol
(12:16 / All) RapGameGod: massing necros and wagons thinkin he got it in the bag
(12:24 / Allies) cherrydrpepper: kys green
(12:36 / All) RapGameGod: his moms a old ass skank man what a hag
(12:46 / All) RapGameGod: come bury this nigga in the desert, bury the flag
(13:21 / All) RapGameGod: orange coming from the back
(13:25 / All) RapGameGod: his shit is whack
(13:58 / All) RapGameGod: yellow a straight up baby back bitch
(14:05 / All) RapGameGod: always whining and crying like a snitch
(14:13 / Allies) cherrydrpepper: kys green
(16:27 / All) RapGameGod: they hitting top
(16:31 / All) RapGameGod: come on guys make em stop
(16:38 / All) RapGameGod: better back it up
(16:46 / All) gkjdfgh59867478: tp
(16:47 / All) RapGameGod: they aint come here to say whats up
(16:59 / All) RapGameGod: back it up
(17:04 / All) RapGameGod: whats sup
(17:05 / All) RapGameGod: wit u
(17:11 / All) RapGameGod: getting chewed out by blue
(17:56 / All) RapGameGod: expos at the top, the mid, and my old haunt
(18:06 / All) RapGameGod: better smash them up yall look gaunt
(18:55 / All) RapGameGod: why u travelin alone cuh, u a crew
(19:00 / All) RapGameGod: dont get raped by this jew
(19:08 / All) RapGameGod: tp out that cuh
(19:13 / All) RapGameGod: yo bruh
(19:15 / All) RapGameGod: use that ult
(19:17 / All) RapGameGod: then bolt!
(19:45 / All) RapGameGod: i got no faith in yalls, unless u get the priests
(19:58 / All) RapGameGod: need dispels or this jew gonna feast!
(20:20 / All) RapGameGod: u headin for an ambush cuh
(20:30 / All) RapGameGod: here comes blue and then orange bruh
(20:51 / All) RapGameGod: you got an owl?
(21:03 / All) cherrydrpepper: green is fucking pathetic and you are fucking trash
(21:16 / All) RapGameGod: smoke a bowl
(21:23 / All) RapGameGod: chill out dude, just a game
(21:31 / All) RapGameGod: if u crying thats just a shame
(21:36 / All) RapGameGod: good game, noob team
(21:46 / All) RapGameGod: Im outtie, scottie hit me with tat beam